 Dungeon Crawl Stone Soup version 0.29-a0-284-gf9362112df (webtiles) character file.

Game seed: 2699762752120182424

9 Dabor the Covert (level 2, -1/29 HPs)
             Began as a Gnoll Delver on Mar 13, 2022.
             Shot with a sling bullet by a goblin (4 damage)
             ... on level 4 of the Dungeon.
             The game lasted 00:00:47 (70 turns).

Dabor the Covert (Gnoll Delver)                       Turns: 70, Time: 00:00:48

Health: -1/29      AC:  3    Str: 11    XL:     2   Next: 12%
Magic:  2/2        EV: 13    Int:  9    God:
Gold:   0          SH:  0    Dex: 13    Spells: 1/1 levels left

rFire   . . .      SeeInvis .   a - +0 mace (protect)
rCold   . . .      Faith    .   (no shield)
rNeg    . . .      Spirit   .   b - +0 leather armour
rPois   .          Reflect  .   (no helmet)
rElec   .          Harm     .   (no cloak)
rCorr   .          Rampage  .   (no gloves)
Will    .....                   (no boots)
Stlth   ++++......              (no amulet)
HPRegen 0.09/turn               (no ring)
MPRegen 0.08/turn               (no ring)

@: hasted (expiring), very quick
A: fangs 1, strong nose, distributed training
a: no special abilities


You were on level 4 of the Dungeon.
You visited 1 branch of the dungeon, and saw 2 of its levels.

Inventory:

Hand Weapons
 a - a +0 mace of protection (weapon)
Armour
 b - a +0 leather armour (worn)
Wands
 g - a wand of digging (3)
Scrolls
 c - a scroll of fog
 d - a scroll of magic mapping


   Skills:
 + Level 6.4 Fighting
 + Level 0.3 Short Blades
 + Level 0.3 Long Blades
 + Level 0.3 Axes
 + Level 4.4 Maces & Flails
 + Level 0.3 Polearms
 + Level 0.3 Staves
 + Level 0.3 Slings
 + Level 0.3 Bows
 + Level 0.3 Crossbows
 + Level 0.3 Throwing
 + Level 0.3 Armour
 + Level 4.4 Dodging
 + Level 9.5 Stealth
 + Level 0.3 Shields
 + Level 0.3 Unarmed Combat
 + Level 0.3 Spellcasting
 + Level 0.2 Conjurations
 + Level 0.2 Hexes
 + Level 0.2 Summonings
 + Level 0.2 Necromancy
 + Level 0.2 Translocations
 + Level 0.2 Transmutations
 + Level 0.2 Fire Magic
 + Level 0.2 Ice Magic
 + Level 0.2 Air Magic
 + Level 0.2 Earth Magic
 + Level 0.2 Poison Magic
 + Level 0.4 Invocations
 + Level 0.3 Evocations


You had one spell level left.
You didn't know any spells.
Your spell library was empty.

Dungeon Overview and Level Annotations

Branches:
Dungeon (5/15)
 Temple: D:4-7

Altars:


Innate Abilities, Weirdness & Mutations

You have very sharp teeth.
Your uncanny sense of smell can sniff out nearby items.
Your experience applies equally to all skills.


Message History

The water moccasin zombie barely misses you.
The water moccasin zombie bites you!
The water moccasin zombie attacks as you move away!
The water moccasin zombie barely misses you.
An adder comes into view.
The helpless adder fails to defend itself.
You sock the adder!
You kill the adder!
The water moccasin zombie bites you but does no damage.
The water moccasin zombie bites you.
You have reached level 2!
As you read the scroll of fear, it crumbles to dust.
You assume a fearsome visage.
The water moccasin zombie is unaffected.
The centaur skeleton is unaffected.
The ogre looks frightened!
The water moccasin zombie misses you. The water moccasin zombie bites you!
* * * LOW HITPOINT WARNING * * *
Found a stone staircase leading down.
As you read the scroll labelled SEHAQEYNKA, it crumbles to dust.
It is a scroll of brand weapon.
Your +0 mace projects an invisible shield of force!
a - a +0 mace of protection (weapon)
The water moccasin zombie bites you.
* * * LOW HITPOINT WARNING * * *
You feel yourself speed up.
The water moccasin zombie barely misses you.
There is a stone staircase leading down here.
A kobold comes into view. It is wielding a +0 club.
Found 25 stones.
An adder comes into view.
Found 6 gold pieces.
You see here 25 stones.
Found a stone staircase leading up.
Found a scroll labelled OLIALE OFUTU.
A goblin comes into view. It is wielding a +0 club.
The goblin shouts!
Your extra speed is starting to run out.
The goblin unwields a +0 club.
The goblin wields a +0 hunting sling.
The goblin shoots a sling bullet.
The sling bullet hits you.
You die...

..$.....(.#... #.##.
###.....Z.#.# #. ##
#..K........##
.............#
.#............# ..
###.......#..###....
...S...............
##.#...###..###.#..
#.#### #.@# #.?#
#..# #..# #..# #..g
#.#. #. .


You could see a water moccasin zombie and a goblin.

Vanquished Creatures
  An adder (D:4)
1 creature vanquished.

Notes
Turn   | Place    | Note
-------+----------+-------------------------------------------
     0 | D:5      | Reached skill level 9 in Stealth
     0 | D:5      | Dabor the Gnoll Delver began the quest for the Orb.
     0 | D:5      | Reached XP level 1. HP: 23/23 MP: 1/1
     8 | D:5      | Noticed an ice beast
    17 | D:4      | Noticed an ogre
    24 | D:4      | Noticed a water moccasin zombie
    34 | D:4      | Reached XP level 2. HP: 14/29 MP: 2/2
    39 | D:4      | HP: 1/29 [water moccasin zombie (6)]
    70 | D:4      | Shot with a sling bullet by a goblin

Illustrated notes

Levels and vault maps discovered:
D:4:      layout_loops_ring, minmay_temple_entry_nine_rooms,
          lightli_ossuary_entry_decrepit_ruins, serial_undead, serial_undead_d,
          serial_undead_c, serial_undead_c, serial_undead_a
D:5:      lemuel_ratsnest, layout_layer_cave

Skill      XL: | |
---------------+-+-----
Stealth        | |  9.5
Fighting       | |  6.4
Short Blades   | |  0.3
Long Blades    | |  0.3
Axes           | |  0.3
Maces & Flails | |  4.4
Polearms       | |  0.3
Staves         | |  0.3
Slings         | |  0.3
Bows           | |  0.3
Crossbows      | |  0.3
Throwing       | |  0.3
Armour         | |  0.3
Dodging        | |  4.4
Shields        | |  0.3
Unarmed Combat | |  0.3
Spellcasting   | |  0.3
Conjurations   | |  0.2
Hexes          | |  0.2
Summonings     | |  0.2
Necromancy     | |  0.2
Translocations | |  0.2
Transmutations | |  0.2
Fire Magic     | |  0.2
Ice Magic      | |  0.2
Air Magic      | |  0.2
Earth Magic    | |  0.2
Poison Magic   | |  0.2
Invocations    | |  0.4
Evocations     | |  0.3

Action                   || total
-------------------------++-------
Melee: Mace              ||     1
  Use: Scroll            ||     2
       Potion            ||     1
 Stab: Sleeping          ||     1
Armor: Leather armour    ||     1
Dodge: Dodged            ||     4

Table legend: (Time is in decaauts)
 A = Elapsed time spent in this place.
 B = Non-inter-level travel time spent in this place.
 C = Inter-level travel time spent in this place.
 D = Time resting spent in this place.
 E = Time spent auto-exploring this place.
 F = Levels seen in this place.
 G = Mean time per level.
                   A        B        C        D        E       F      G
               +--------+--------+--------+--------+--------+-----+--------+
         Total |     60 |     60 |      0 |      0 |      0 |   2 |   30.0 |
       Dungeon |     60 |     60 |      0 |      0 |      0 |   2 |   30.0 |
               +--------+--------+--------+--------+--------+-----+--------+

Top non-repeatable levels by time:
     D:4: 47 daAuts
     D:5: 13 daAuts
